 Dungeon Crawl Stone Soup version 0.29-a0-451-gfbfa42419e (webtiles) character file.

Game seed: 7330396905310586409

53 holysushi the Charlatan (level 3, -2/25 HPs)
             Began as an Octopode Artificer on May 20, 2022.
             Killed by divine providence
             ... invoked by an orc priest
              (14 damage)
             ... on level 2 of the Dungeon.
             The game lasted 00:01:23 (1816 turns).

holysushi the Charlatan (Octopode Artificer)        Turns: 1816, Time: 00:01:24

Health: -2/25      AC:  1    Str: 11    XL:     3   Next: 87%
Magic:  3/3        EV: 13    Int: 13    God:
Gold:   116        SH:  3    Dex: 14    Spells: 2/2 levels left

rFire   . . .      SeeInvis .   i - +0 short sword
rCold   . . .      Faith    .   j - +0 buckler
rNeg    . . .      Spirit   .   (helmet restricted)
rPois   .          Reflect  .   (no amulet)
rElec   .          Harm     .   (no ring)
rCorr   .          Rampage  .   (no ring)
Will    .....                   (no ring)
Stlth   +++.......              (no ring)
HPRegen 0.08/turn               (no ring)
MPRegen 0.08/turn               (no ring)
                                (no ring)
                                (no ring)

@: no status effects
A: almost no armour, amphibious, 8 rings, camouflage 1, gelatinous body 1,
(nimble swimmer 1), tentacles
a: no special abilities


You were on level 2 of the Dungeon.
You visited 1 branch of the dungeon, and saw 2 of its levels.

You collected 116 gold pieces.

Inventory:

Hand Weapons
 f - a +0 dagger
 i - a +0 short sword (weapon)
Armour
 j - a +0 buckler (worn)
Wands
 b - a wand of flame (15) (quivered)
 c - a wand of charming (15)
 d - a wand of iceblast (15)
Scrolls
 e - a scroll of amnesia {unknown}
 g - a scroll of enchant armour {unknown}
 h - a scroll of enchant weapon {unknown}
 l - a scroll of noise {unknown}
Potions
 a - a potion of mutation {unknown}
 k - a potion of brilliance {unknown}


   Skills:
 + Level 2.6 Fighting
 + Level 2.1 Short Blades
 - Level 2.3 Dodging
 - Level 1.3 Stealth
 - Level 3.2 Evocations


You had 2 spell levels left.
You didn't know any spells.
Your spell library contained the following spells:

 Spells                   Type           Power      Damage    Failure   Level
 Summon Small Mammal      Summ           0%         N/A       38%         1
 Call Canine Familiar     Summ           0%         N/A       77%         3
 Summon Guardian Golem    Hex/Summ       0%         N/A       77%         3


Dungeon Overview and Level Annotations

Branches:
Dungeon (2/15)

Altars:


Innate Abilities, Weirdness & Mutations

You cannot wear most types of armour.
You are amphibious.
You can wear up to eight rings at the same time.
Your skin changes colour to match your surroundings (Stealth+).
Your rubbery body absorbs attacks. (AC +1, EV +1)
((You are camouflaged when in or above water. (Stealth+)))
You have tentacles for arms and can constrict up to eight enemies at once.


Message History

You hit the orc. Your grab misses the orc. You squeeze the orc.
You kill the orc!
You hit the orc but do no damage. Your grab misses the orc.
The orc closely misses you.
You hit the orc but do no damage. You grab the orc. You constrict the orc.
The orc barely misses you.
You hit the orc.
The orc is heavily wounded.
You constrict the orc. The orc hits you with a +0 whip.
You hit the orc. You tentacle-slap the orc.
You kill the orc!
Items here: )) [[ †.
You start resting.
HP restored.
There is a stone staircase leading down here.
You climb downwards.
The orc barely misses you.
There is a stone staircase leading up here.
Unknown command.
The orc priest begins to cast a cantrip, but forgets the words!
You block the orc's attack.
You climb upwards.
There is a stone staircase leading down here.
You closely miss the orc. You grab the orc. You squeeze the orc.
The orc is heavily wounded.
You constrict the orc. The orc barely misses you.
You hit the orc.
You kill the orc!
No target in view!
No target in view!
Things that are here:
a +0 mace; an orc corpse
There is a stone staircase leading down here.
You climb downwards.
The orc priest invokes the aid of Beogh against you.
Beogh smites you!
Ouch! That really hurt!
The orc priest calls down the wrath of Beogh upon you.
Beogh smites you!
Ouch! That really hurt!
You die...

.##
....######################
........................#
##.##......#...########..
...<.................(...
#......@..#...#########.
####......#...# ##
#...o..#...# # #
#......#...# #
#.##......#...# #
#?............# # .
####..........# #
##########......###.#### #
......o.o....†........# #


You could see an orc priest.

Vanquished Creatures
  An adder (D:2)
  2 dart slugs
  3 orcs (D:1)
  6 ball pythons
  3 bats (D:1)
  4 endoplasms
  A giant cockroach (D:1)
  A hobgoblin (D:1)
  4 jackals (D:2)
  2 kobolds
  4 frilled lizards (D:1)
  A goblin (D:1)
  A rat (D:1)
33 creatures vanquished.

Vanquished Creatures (others)
  4 withered plants (D:1)
4 creatures vanquished.

Grand Total: 37 creatures vanquished

Notes
Turn   | Place    | Note
-------+----------+-------------------------------------------
     0 | D:1      | holysushi the Octopode Artificer began the quest for the
                  | Orb.
     0 | D:1      | Reached XP level 1. HP: 13/13 MP: 1/1
   246 | D:1      | Found a faded altar of an unknown god.
   520 | D:1      | Reached XP level 2. HP: 17/18 MP: 2/2
   559 | D:1      | Reached skill level 1 in Short Blades
  1146 | D:2      | Reached XP level 3. HP: 25/25 MP: 3/3
  1440 | D:2      | HP: 1/25 [orc priest/divine providence (13)]
  1816 | D:2      | Killed from afar by an orc priest

Illustrated notes

Levels and vault maps discovered:
D:1:      ncdulo_halloftheorcs, layout_loops_cross,
          ebering_ecumenical_altar_petrified, minivault_5
D:2:      layout_basic, uniq_sigmund

Skill      XL: |  1  2  3 |
---------------+----------+-----
Short Blades   | 1 2 |  2.1
Fighting       | 2 |  2.6
Dodging        | |  2.3
Stealth        | |  1.3
Evocations     | |  3.2

Action                   || total
-------------------------++-------
Melee: Dagger            ||    42
       Unarmed           ||     3
       Constrict         ||    20
       Tentacles         ||    18
       Punch             ||     3
       Short sword       ||    26
 Stab: Sleeping          ||     5
Armor: Skin              ||    13
Dodge: Dodged            ||    54
Block: Buckler           ||     3

Table legend: (Time is in decaauts)
 A = Elapsed time spent in this place.
 B = Non-inter-level travel time spent in this place.
 C = Inter-level travel time spent in this place.
 D = Time resting spent in this place.
 E = Time spent auto-exploring this place.
 F = Levels seen in this place.
 G = Mean time per level.
                   A        B        C        D        E       F      G
               +--------+--------+--------+--------+--------+-----+--------+
         Total |   1815 |   1807 |      8 |    661 |    857 |   2 |  907.5 |
       Dungeon |   1815 |   1807 |      8 |    661 |    857 |   2 |  907.5 |
               +--------+--------+--------+--------+--------+-----+--------+

Top non-repeatable levels by time:
     D:1: 1485 daAuts
     D:2: 330 daAuts
